 Dungeon Crawl Stone Soup version 0.21.1-1-g345015fe64 (webtiles) character file.

154 Kohma the Ruffian (level 5, -6/79 HPs)
             Began as a Troll Berserker on June 13, 2018.
             Was a Believer of Trog.
             Mangled by Gargoyl's ghost (7 damage)
             ... on level 3 of the Dungeon.
             The game lasted 00:05:57 (1797 turns).

Kohma the Ruffian (Troll Berserker)                 Turns: 1797, Time: 00:05:58

Health: -6/79      AC:  5    Str: 31    XL:     5   Next: 13%
Magic:  4/4        EV: 11    Int:  3    God:    Trog [**....]
Gold:   131        SH:  0    Dex:  9    Spells: 4/4 levels left

rFire    . . .     SeeInvis .     - Unarmed
rCold    . . .     Gourm    +   (no shield)
rNeg     . . .     Faith    .   a - +0 animal skin
rPois    .         Spirit   .   (helmet restricted)
rElec    .         Reflect  .   (no cloak)
rCorr    .         Harm     .   (gloves unavailable)
MR       ++...                  (boots unavailable)
Stlth    ..........             (no amulet)
HPRegen  1.63/turn              (no ring)
MPRegen  0.09/turn              (no ring)

@: berserking, lethally poisoned (-6 -> -25), regenerating, very quick
A: large, unfitting armour, claws 3, fast metabolism 3, gourmand, regeneration
1, shaggy fur 1, tough skin 2
a: Berserk, Trog's Hand, Burn Spellbooks, Renounce Religion


You were on level 3 of the Dungeon.
You worshipped Trog.
Trog was pleased with you.
You were very full.

You visited 1 branch of the dungeon, and saw 3 of its levels.

You collected 131 gold pieces.

Inventory:

Missiles
 g - 8 javelins of returning
 m - 7 poisoned tomahawks (quivered)
Armour
 a - a +0 animal skin (worn)
 f - a +0 robe
 r - a +0 robe
Jewellery
 k - a +3 ring of protection {unknown}
 o - a +2 ring of protection {unknown}
Scrolls
 c - a scroll of fear {unknown}
 d - 2 scrolls of enchant armour {unknown}
 h - 6 scrolls of identify {unknown}
 j - a scroll of enchant weapon {unknown}
 n - a scroll of noise {unknown}
Potions
 e - a potion of might {unknown}
 i - a potion of heal wounds {unknown}
 l - a potion of mutation {unknown}
 p - a potion of degeneration {unknown}
 q - a potion of curing {unknown}
Comestibles
 b - 5 rations


   Skills:
 + Level 3.4 Fighting
 + Level 3.4 Dodging
 + Level 4.1 Unarmed Combat


You had 4 spell levels left.
You didn't know any spells.

Dungeon Overview and Level Annotations

Branches:
Dungeon (3/15)

Altars:
Nemelex Xobeh
Trog
Wu Jian

Annotations:
D:3 Gargoyl's ghost, amateur CeAK


Innate Abilities, Weirdness & Mutations

You are too large for most types of armour.
You have claws for hands.
Your metabolism is lightning-fast.
You like to eat raw meat.
Your natural rate of healing is unusually fast.
You are covered in fur. (AC +1)
You have very tough skin. (AC +2)


Message History

You feel very sick. Gargoyl's ghost hits you.
* * * LOW HITPOINT WARNING * * *
You are more poisoned.
The adder bites you.
* * * LOW HITPOINT WARNING * * *
You scratch Gargoyl's ghost.
Gargoyl's ghost is moderately damaged.
* * * LOW HITPOINT WARNING * * *
You feel sick.
Gargoyl's ghost hits you but does no damage.
You are more poisoned.
The orc priest looks encouraged for a moment.
The adder bites you but does no damage.
You scratch Gargoyl's ghost.
Gargoyl's ghost is heavily damaged.
* * * LOW HITPOINT WARNING * * *
You feel very sick. Gargoyl's ghost hits you!
You die...

#..#........)
#.#.......
#.###.รท.>.
#.# #..... #.#
#.....
#######.#
#.....
#.......#
######
######.#######
#..S@Wo.......
#.####.##.....
#.# ..o. #..
... #### .. .


You could see an orc priest, Gargoyl's ghost and an adder.

Vanquished Creatures
  A bullfrog (D:2)
  Jessica (D:2)
  A worm (D:2)
  3 dart slugs (D:1)
  A leopard gecko (D:1)
  2 orcs (D:3)
  A giant cockroach (D:2)
  6 goblins
  6 hobgoblins
  5 jackals (D:1)
  5 bats
  6 frilled lizards
  7 kobolds
  9 rats
54 creatures vanquished.

Notes
Turn   | Place    | Note
-------+----------+-------------------------------------------
     0 | D:1      | Kohma the Troll Berserker began the quest for the Orb.
     0 | D:1      | Reached XP level 1. HP: 22/22 MP: 0/0
   107 | D:1      | Reached XP level 2. HP: 28/29 MP: 1/1
   237 | D:1      | Found a sparkling altar of Nemelex Xobeh.
   476 | D:1      | Reached XP level 3. HP: 36/36 MP: 2/2
   565 | D:1      | Reached ** piety under Trog
   992 | D:3      | Noticed Gargoyl's ghost (amateur CeAK)
  1166 | D:2      | Noticed a bullfrog
  1173 | D:2      | Killed a bullfrog
  1173 | D:2      | Reached XP level 4. HP: 31/45 MP: 3/3
  1298 | D:2      | Found a bloodstained altar of Trog.
  1373 | D:2      | Found an ornate altar of the Wu Jian Council.
  1386 | D:2      | Reached skill level 4 in Unarmed Combat
  1621 | D:2      | Noticed Jessica
  1625 | D:2      | Killed Jessica
  1625 | D:2      | Reached XP level 5. HP: 45/53 MP: 4/4
  1796 | D:3      | HP: 3/79 [poisoned by Gargoyl's ghost]
  1797 | D:3      | HP: 1/79 [poisoned by Gargoyl's ghost]
  1797 | D:3      | Mangled by Gargoyl's ghost

Skill      XL: |  1  2  3  4 |
---------------+-------------+-----
Fighting       | 3 |  3.4
Dodging        | 3 |  3.4
Unarmed Combat | 4 |  4.1

Action                   |  1- 3 |  4- 6 || total
-------------------------+-------+-------++-------
Melee: Unarmed           |    95 |    51 ||   146
       Punch             |     2 |     1 ||     3
Invok: Berserk           |       |     1 ||     1
       Trog's Hand       |       |     1 ||     1
  Eat: Chunk             |    16 |     6 ||    22
Armor: Animal skin       |    45 |    14 ||    59
Dodge: Dodged            |    62 |    22 ||    84
